 Dungeon Crawl Stone Soup version 0.31.0-9-g3a7656b989 (webtiles) character file.

Game seed: 15363727399190566130

32 dave1331 the Covered (level 3, 0/3 HPs)
             Began as a Hill Orc Fighter on Jan 24, 2024.
             Slain by a goblin
             ... wielding a +0 dagger
              (3 damage)
             ... on level 2 of the Dungeon.
             The game lasted 00:05:35 (1047 turns).

dave1331 the Covered (Hill Orc Fighter)             Turns: 1047, Time: 00:05:35

Health: 0/3        AC:  0    Str: 18    XL:     3   Next: 25%
Magic:  3/3        EV: 11    Int: 11    God:
Gold:   88         SH:  4    Dex: 12    Spells: 2/2 levels left

rFire   . . .        f - +10 trident of Diet Blood {pain, +Blink rC+++ Int+3 Stlth-}
rCold   + + +        c - +0 buckler
rNeg    . . .        b - melded +0 scale mail
rPois   .            (no helmet)
rElec   .            (no cloak)
rCorr   .            (no gloves)
SInv    .            (no boots)
Will    .....        (no amulet) Stlth
                     (no ring)
HPRegen 0.20/turn    (no ring)
MPRegen 0.08/turn

%: no passive effects
@: maw-form
A: devouring maw, reduced hp
a: Begin Untransformation, Evoke Blink


You were on level 2 of the Dungeon.
You were a creature with a mouth for a stomach.
You visited 1 branch of the dungeon, and saw 2 of its levels.

You collected 88 gold pieces.

Inventory:

Hand Weapons
 a - a +0 war axe
 f - the +10 trident of Diet Blood (weapon) {pain, +Blink rC+++ Int+3 Stlth-}
   (You found it on level 2 of the Dungeon)

   Int+3:     It affects your intelligence (+3).
   rC+++:     It renders you almost immune to cold.
   +Blink:    It lets you blink.
   Stlth-:    It makes you less stealthy.
Armour
 b - a +0 scale mail (melded)
 c - a +0 buckler (worn)
Magical Staves
 g - a staff of cold
Talismans
 h - a maw talisman (active)
Potions
 d - a potion of might
 e - 2 potions of curing


   Skills:
 + Level 3.8 Fighting
 + Level 2.8 Axes
 + Level 0.6 Staves
 + Level 4.0 Armour
 + Level 0.1 Dodging
 + Level 0.1 Stealth
 + Level 3.5 Shields


You had 2 spell levels left.
You didn't know any spells.
Your spell library was empty.

Dungeon Overview and Level Annotations

Branches:
Dungeon (2/15)

Altars:

Shops:
D:1 :


Message History

You barely miss the goblin. The goblin hits you but does no damage.
You puncture the goblin!
You kill the goblin!
You see here a +0 dagger.
You see here a maw talisman.
h - a maw talisman You begin transforming.
You continue transforming. x3
You turn into a creature with a mouth for a stomach.
Your +0 scale mail melds into your body.
You now have 78 gold pieces (gained 7).
Found a stone staircase leading up.
Found a leather armour.
A bat comes into view.
The bat hits you. The bat hits you. The bat barely misses you.
You hit the bat.
You devour the bat!
You feel better.
You kill the bat!
e - 2 potions of curing (gained 1)
Found a helmet.
You now have 88 gold pieces (gained 10).
Found a stone staircase leading down.
You open the door.
A ball python comes into view.
The ball python hisses angrily.
A ball python is nearby!
A bat and a goblin come into view.
Found a potion of might.
The goblin shouts!
There is an open door here.
You puncture the ball python!
You kill the ball python!
The bat barely misses you. The bat closely misses you.
You see here a ball python corpse.
You hit the bat.
You devour the bat!
You feel better.
You kill the bat!
The goblin hits you with a +0 dagger.
Ouch! That really hurt!
You die...

########
#......##
####'####..#
#...W...##.#
#....g..##.# ###
#....!..##.###..
#...≈...##..##.#
#.......##..##.#
#.......##..##.#
#.......##..##.#
#########......#
#.#..##.####


You could see a goblin.

Vanquished Creatures
  An adder (D:2)
  A ribbon worm (D:2)
  2 ball pythons
  5 bats
  An endoplasm (D:1)
  3 hobgoblins (D:1)
  2 quokkas (D:2)
  A frilled lizard (D:1)
  A goblin (D:2)
  2 kobolds (D:1)
  2 rats
21 creatures vanquished.

Notes
Turn   | Place    | Note
-------+----------+-------------------------------------------
     0 | D:1      | dave1331 the Hill Orc Fighter began the quest for the Orb.
     0 | D:1      | Reached XP level 1. HP: 19/19 MP: 1/1
    68 | D:1      | Found Jot Jopo's Book Emporium.
   330 | D:1      | Reached XP level 2. HP: 23/27 MP: 2/2
   784 | D:2      | Reached skill level 4 in Armour
   788 | D:2      | Reached XP level 3. HP: 28/33 MP: 3/3
   866 | D:2      | Identified the +10 trident of Diet Blood {pain, +Blink
                  | rC+++ Int+3 Stlth-}
  1047 | D:2      | Slain by a goblin

Illustrated notes

Levels and vault maps discovered:
D:1:      dpeg_arrival_simpleton_c, layout_loops_ring, serial_shops,
          nicolae_square_shop
D:2:      layout_basic, basic_altar, serial_glass, glass_columns_a,
          glass_columns_a, kennysheep_generic_room_9, uniq_crazy_yiuf_cottage

Skill      XL: |  1  2 |
---------------+-------+-----
Armour         | 4 |  4.0
Fighting       | |  3.8
Axes           | |  2.8
Staves         | |  0.6
Dodging        | |  0.1
Stealth        | |  0.1
Shields        | |  3.5

Action                     || total
---------------------------++-------
  Melee: War axe           ||    11
         Staff             ||    77
         Trident           ||    10
    Use: Scroll            ||     2
         Potion            ||     1
 Armour: Scale mail        ||    66
         Skin              ||     3
  Dodge: Dodged            ||    43
  Block: Buckler           ||    21
   Form: Maw               ||     1
